 Dungeon Crawl Stone Soup version 0.24.0-124-g2791043dd8 (webtiles) character file.

Game seed: 8427642354571078382, levelgen mode: deterministic

15985 Amplified the Fighter (level 12, 0/95 HPs)
             Began as a Mummy Hunter on Feb 15, 2020.
             Was a Priest of Makhleb.
             Slain by a death yak (16 damage)
             ... on level 11 of the Dungeon.
             The game lasted 00:35:26 (15640 turns).

Amplified the Fighter (Mummy Hunter)               Turns: 15640, Time: 00:35:27

Health: 0/95       AC:  9    Str: 16    XL:     12   Next: 6%
Magic:  26/26      EV: 15    Int: 11    God:    Makhleb [***...]
Gold:   1100       SH: 15    Dex: 20    Spells: 11/11 levels left

rFire    x . .     SeeInvis +   r - +2 flail (drain)
rCold    + . .     Gourm    .   v - +3 shield
rNeg     + + +     Faith    .   n - +1 leather armour of Ziogir {MR+}
rPois    ∞         Spirit   .   m - +1 helmet
rElec    +         Reflect  .   (no cloak)
rCorr    .         Harm     .   g - +2 pair of gloves
MR       ++...                  (no boots)
Stlth    ++........             (no amulet)
HPRegen  0.25/turn              l - +3 ring of evasion
MPRegen  0.20/turn              j - ring of Kifare Feul {rElec rN+ MP+9 Dex+4 SInv}

@: no status effects
A: no food or potions, fire vulnerability, cold resistance 1, negative energy
resistance 3, torment resistance, unbreathing
a: Minor Destruction, Lesser Servant of Makhleb, Renounce Religion


You were on level 11 of the Dungeon.
You worshipped Makhleb.
Makhleb was most pleased with you.
You were not hungry.

You visited 1 branch of the dungeon, and saw 12 of its levels.
You also visited: Ice Cave.

You collected 1100 gold pieces.

Inventory:

Hand Weapons
 a - a +1 hunting sling
 d - a +0 whip of venom
 h - a +1 whip of flaming
 q - a +2 long sword of flaming
 r - a +2 flail of draining (weapon)
 t - a +2 whip of freezing
Missiles
 c - 6 curare-tipped darts (quivered)
 e - 325 stones
 i - 34 sling bullets
 o - 3 throwing nets
 A - 5 poisoned darts
Armour
 b - a +0 buckler
 f - +0 ice dragon scales
 g - a +2 pair of gloves (worn)
 m - a +1 helmet (worn)
 n - the +1 leather armour of Ziogir (worn) {MR+}
   (You found it on level 5 of the Dungeon)

   It affects your resistance to hostile enchantments.
 v - a +3 shield (worn)
 y - a cursed +0 cloak
Jewellery
 j - the ring of Kifare Feul (right hand) {rElec rN+ MP+9 Dex+4 SInv}
   (You found it in an ice cave)

   [ring of positive energy]

   It affects your dexterity (+4).
   It insulates you from electricity.
   It protects you from negative energy.
   It affects your magic capacity (+9).
   It lets you see invisible.
 l - a +3 ring of evasion (left hand)
 s - an uncursed ring of protection from cold
 w - an uncursed ring of wizardry
Wands
 x - a wand of scattershot (1)
 z - a wand of flame (14)
Scrolls
 k - 2 scrolls of remove curse
 p - 9 scrolls of identify


   Skills:
 + Level 9.3 Fighting
 * Level 8.6 Maces & Flails
 - Level 5.6 Slings
 - Level 3.5 Dodging
 - Level 0.7 Stealth
 * Level 8.7 Shields
 * Level 6.8 Invocations


You had 11 spell levels left.
You didn't know any spells.
Your spell library contained the following spells:

 Spells                   Type           Power        Failure   Level  Hunger
 Flame Tongue             Conj/Fire      #....        69%         1    N/A
 Throw Flame              Conj/Fire      #.....       83%         2    N/A
 Conjure Flame            Conj/Fire      #.......     96%         3    N/A
 Inner Flame              Hex/Fire       #.......     96%         3    N/A
 Sticky Flame             Conj/Fire      #.......     100%        4    N/A
 Fireball                 Conj/Fire      #.........   100%        5    N/A

Dungeon Overview and Level Annotations

Branches:
Dungeon (12/15)            Temple (0/1) D:6            Lair (0/6) D:11
    Orc (0/2) D:10          IceCv (visited)

Altars:
Ashenzari
Dithmenos
Elyvilon
Fedhas
Makhleb
Nemelex Xobeh
Ru
Trog
Uskayaw
Vehumet
Yredelemnul
Zin
The Shining One


Innate Abilities, Weirdness & Mutations

You do not eat or drink.
Your flesh is vulnerable to fire.
You are immune to poison.
Your flesh is cold resistant. (rC+)
You are immune to negative energy. (rN+++)
You are immune to unholy pain and torment.
You can survive without breathing.


Message History

Unknown command.
Evoke which item? (* to show all) (? for menu, Esc to quit)
Okay, then.
Okay, then.
Okay, then.
As you read the scroll of torment, it crumbles to dust.
You feel a surge of unholy energy.
The death yak convulses!
The orc convulses!
Your neqoxec hits the death yak but does no damage.
The death yak closely misses your neqoxec.
Unknown command.
You hit the death yak but do no damage.
The death yak is severely wounded.
Your neqoxec barely misses the death yak.
The orc barely misses your neqoxec.
Unknown command.
You barely miss the death yak.
The death yak is severely wounded.
Your neqoxec gestures.
The orc barely misses your neqoxec. The death yak gores you!
You die...

#.......#..[....##....##...##....
#.......#..[....##....####+######
#.......#.<[o...#......#)..##....
+.......#.[.....#......#.).......
#.......#)).....#......#)).......
#.......#....5..#......'.........
+,,,,,,,#......o########.........
*,,,,,,,#...>.3Y##,,,,*#.........
*,,,,,,,#.......@#,,,,*#...##....
*,,,,,,,##########,,,,*#...###'##
********,,,,,,,,,*,,,,......#.=..
,* *,,,,,,,,,*,,,.......#.... ,*
*,,,,,,,,,*,,........#.... ,*
*,,,,,,,,,*,,.......,#.... ,*
*,,,,,,,,,*,,,,,,,,,,#.... **
*,,,,,,,,,***********#####
***********


You could see a death yak, an orc priest, an orc, a friendly neqoxec and a
friendly ufetubus.

Vanquished Creatures
  Harold (D:8)
  Pikel (D:5)
  An unseen horror (D:10)
  Maurice (D:10)
  A rime drake (IceCv)
  2 hippogriffs
  A spriggan (D:9)
  A yak (D:12)
  A hungry ghost (D:8)
  Grum (D:8)
  Menkaure (D:5)
  A water moccasin (D:6)
  Duvessa (D:5)
  14 ice beasts
  8 orc warriors
  A slave (D:5)
  5 ogres
  2 sky beasts (D:6)
  3 phantoms
  A black bear (D:8)
  9 centaurs
  2 wolves (D:8)
  4 big kobolds
  Blork the orc (D:5)
  9 bullfrogs
  A wyvern skeleton (D:8)
  3 scorpions
  9 killer bees (D:9)
  5 crimson imps
  A bullfrog zombie (D:4)
  5 howler monkeys
  A centaur zombie (D:8)
  7 hounds
  6 orc priests
  A jelly (D:8)
  13 orc wizards
  3 centaur skeletons
  Jessica (D:2)
  3 iguanas
  18 worker ants
  4 hound skeletons
  A howler monkey zombie (D:6)
  Robin (D:3)
  3 worker ant zombies
  A howler monkey skeleton (D:10)
  11 adders
  A river rat (D:5)
  3 shadow imps
  2 oozes
  An adder skeleton (D:4)
  2 worms
  A dart slug (D:1)
  7 leopard geckos
  50 orcs
  2 ball pythons (D:2)
  8 bats
  7 giant cockroaches
  2 gnoll zombies (D:6)
  15 goblins
  8 hobgoblins
  4 jackals
  16 kobolds
  4 quokkas
  A ball python zombie (D:5)
  5 frilled lizards
  A jackal zombie (D:6)
  2 quokka skeletons
  A quokka zombie (D:6)
  5 rats
319 creatures vanquished.

Vanquished Creatures (collateral kills)
  Snorg (D:11)
  2 ice dragons (IceCv)
  Erica (D:11)
  A two-headed ogre (D:8)
  An ugly thing (D:10)
  2 ice statues (IceCv)
  2 molten gargoyles (D:10)
  3 rime drakes
  3 yaks (D:10)
  A wraith (D:10)
  2 wargs (D:10)
  3 ice beasts (IceCv)
  5 orc warriors
  A centaur (D:11)
  A killer bee (D:8)
  2 worker ants (D:10)
  5 orcs
  2 kobolds (D:8)
38 creatures vanquished.

Vanquished Creatures (others)
  A bullfrog skeleton (D:5)
1 creature vanquished.

Grand Total: 358 creatures vanquished

Notes
Turn   | Place    | Note
-------+----------+-------------------------------------------
     0 | D:1      | Amplified the Mummy Hunter began the quest for the Orb.
     0 | D:1      | Reached XP level 1. HP: 16/16 MP: 1/1
   396 | D:1      | Reached XP level 2. HP: 23/23 MP: 2/2
  1031 | D:2      | Found a burning altar of Makhleb.
  1240 | D:2      | Reached XP level 3. HP: 28/28 MP: 3/3
  1511 | D:1      | Reached skill level 3 in Fighting
  1775 | D:2      | Reached XP level 4. HP: 31/35 MP: 4/4
  1793 | D:2      | Became a worshipper of Makhleb the Destroyer
  2081 | D:2      | Noticed Jessica
  2090 | D:2      | Killed Jessica
  2090 | D:2      | Reached XP level 5. HP: 42/42 MP: 5/5
  2514 | D:3      | Reached * piety under Makhleb
  2739 | D:3      | Noticed Robin
  2749 | D:3      | Reached skill level 4 in Fighting
  2761 | D:3      | Killed Robin
  3561 | D:3      | Reached XP level 6. HP: 46/48 MP: 6/6
  3935 | D:3      | Found a blossoming altar of Fedhas.
  4019 | D:3      | Found a shadowy altar of Dithmenos.
  4083 | D:4      | Reached ** piety under Makhleb
  4523 | D:5      | Entered Level 5 of the Dungeon
  4526 | D:5      | Noticed an ice beast
  4557 | D:5      | Reached skill level 5 in Slings
  4591 | D:5      | Noticed Blork the orc
  4656 | D:5      | Killed Blork the orc
  4656 | D:5      | Reached skill level 5 in Fighting
  4656 | D:5      | Reached XP level 7. HP: 25/56 MP: 7/7
  4851 | D:5      | Noticed Menkaure
  4866 | D:5      | Noticed Pikel
  4895 | D:5      | Killed Menkaure
  4916 | D:5      | Got a shimmering leather armour
  5095 | D:5      | Identified the +1 leather armour of Ziogir {MR+} (You found
                  | it on level 5 of the Dungeon)
  5107 | D:5      | Noticed Duvessa
  5110 | D:5      | Noticed Dowan
  5685 | D:4      | Reached skill level 1 in Shields
  5685 | D:4      | Reached skill level 1 in Maces & Flails
  5861 | D:4      | Reached XP level 8. HP: 62/64 MP: 8/8
  5991 | D:4      | Reached skill level 6 in Fighting
  6257 | D:5      | Killed Pikel
  6312 | D:5      | Noticed Dowan
  6312 | D:5      | Dowan changed into Dowan the river rat
  6329 | D:5      | Killed Duvessa
  6330 | D:5      | Killed Dowan the river rat
  6618 | D:4      | Reached XP level 9. HP: 71/71 MP: 9/9
  6801 | D:6      | Reached *** piety under Makhleb
  6809 | D:6      | Reached skill level 7 in Fighting
  6942 | D:6      | Found a basalt altar of Yredelemnul.
  7525 | D:6      | Reached skill level 5 in Shields
  7553 | D:6      | Found a staircase to the Ecumenical Temple.
  7602 | D:6      | Reached skill level 5 in Maces & Flails
  8317 | D:7      | Found a glowing golden altar of the Shining One.
  8500 | D:6      | Reached **** piety under Makhleb
  8659 | D:7      | Found a white marble altar of Elyvilon.
  8659 | D:7      | Found a hide-covered altar of Uskayaw.
  9067 | D:8      | Reached XP level 10. HP: 80/80 MP: 10/10
  9072 | D:8      | Reached skill level 1 in Invocations
  9131 | D:8      | Noticed a two-headed ogre
  9369 | D:8      | Killed a two-headed ogre
  9369 | D:8      | Reached skill level 8 in Fighting
  9656 | D:8      | Reached ***** piety under Makhleb
  9679 | D:8      | Found a shattered altar of Ashenzari.
  9868 | D:8      | Noticed Harold
  9891 | D:8      | Killed Harold
 10070 | D:8      | Noticed Grum
 10104 | D:8      | Killed Grum
 10610 | D:9      | Found a sparkling altar of Nemelex Xobeh.
 11123 | D:9      | Found a radiant altar of Vehumet.
 11124 | D:9      | Found a bloodstained altar of Trog.
 11130 | D:9      | Found a glowing golden altar of the Shining One.
 11157 | D:9      | Found a sacrificial altar of Ru.
 11333 | D:9      | Found a glowing silver altar of Zin.
 11805 | D:10     | Entered Level 10 of the Dungeon
 11805 | D:10     | Noticed a molten gargoyle
 11805 | D:10     | Noticed a molten gargoyle
 11892 | D:10     | Noticed a cyan ugly thing
 12038 | D:11     | Noticed Erica
 12057 | D:11     | Killed Erica
 12057 | D:11     | Reached XP level 11. HP: 80/87 MP: 14/14
 12116 | D:11     | Found a frozen archway.
 12139 | D:11     | Noticed Snorg
 12151 | D:11     | Killed Snorg
 12151 | D:11     | Reached skill level 5 in Invocations
 12287 | D:11     | Noticed a death yak
 12287 | D:11     | Noticed a death yak
 12287 | D:11     | Noticed a death yak
 12308 | IceCv    | Entered an ice cave
 12998 | IceCv    | Noticed an ice dragon
 13026 | IceCv    | Killed an ice dragon
 13026 | IceCv    | Reached skill level 9 in Fighting
 13136 | IceCv    | Noticed an ice dragon
 13150 | IceCv    | Killed an ice dragon
 13165 | IceCv    | Got a scorched platinum ring
 13217 | IceCv    | Identified the ring of Kifare Feul {rElec rN+ MP+9 Dex+4
                  | SInv} (You found it in an ice cave)
 13296 | D:11     | Noticed a red ugly thing
 13411 | D:12     | Noticed a skeletal warrior
 14314 | D:10     | Killed a cyan ugly thing
 15140 | D:10     | Noticed an unseen horror
 15151 | D:10     | Killed an unseen horror
 15235 | D:10     | Found a staircase to the Orcish Mines.
 15499 | D:10     | Noticed Maurice
 15512 | D:10     | Killed Maurice
 15527 | D:10     | Reached XP level 12. HP: 86/95 MP: 16/16
 15622 | D:11     | Noticed a death yak
 15640 | D:11     | Slain by a death yak

Levels and vault maps discovered:
D:1:      dpeg_arrival_tiny_a, layout_basic
D:2:      layout_rooms, first_ration, makhleb_heckhound_becter, uniq_jessica
D:3:      layout_loops_corners, lemuel_coloured_pillars_altar, fedhas_altar_4,
          uniq_robin
D:4:      layout_cave_pools, kennysheep_cross_bottleneck, feat_on_display
D:5:      layout_rooms, uniq_menkaure, uniq_blork_the_orc, uniq_duvessa,
          uniq_pikel
D:6:      cheibrodos_quashed, layout_loops_ring,
          lemuel_zombie_altar_yredelemnul, minmay_temple_entry_waves
D:7:      layout_cave_pools, gammafunk_temple_overflow_elements, tso_metal_star
D:8:      layout_basic, evilmike_ruin_ashenzari, uniq_harold, uniq_grum
D:9:      minmay_skewed_foursquare, layout_basic, marbit_many_paths,
          nicolae_ru_the_path_less_chosen, gammafunk_temple_overflow_forgotten,
          grunt_pizzeria, minmay_misc_feat_columns, nemelex_dance_club_becter
D:10:     layout_gridville, david_orc_1_choice, minivault_8, uniq_maurice
D:11:     layout_gridville, dpeg_lair_monsters, portal_ice_cave_rime,
          uniq_erica, uniq_snorg
D:12:     layout_rooms

Skill      XL: |  1  2  3  4  5  6  7  8  9 10 11 |
---------------+----------------------------------+-----
Dodging        | 2 3 |  3.5
Fighting       | 3 4 5 6 7 8 9 |  9.3
Slings         | 4 5 |  5.6
Shields        | 1 4 5 7 8 |  8.7
Maces & Flails | 1 4 5 7 8 |  8.6
Invocations    | 4 6 |  6.8
Stealth        | |  0.7

Action                   |  1- 3 |  4- 6 |  7- 9 | 10-12 || total
-------------------------+-------+-------+-------+-------++-------
Melee: Whip              |    14 |   130 |   164 |    62 ||   370
       Flail             |       |       |   288 |   548 ||   836
 Fire: Hunting sling     |   101 |   148 |       |       ||   249
Throw: Dart              |       |       |       |    16 ||    16
       Stone             |       |       |       |     3 ||     3
       Throwing net      |       |       |       |     2 ||     2
Invok: Lesser Servant of |       |       |       |    28 ||    28
       Minor Destruction |       |       |       |     6 ||     6
       Major Destruction |       |       |       |     1 ||     1
Evoke: Wand              |       |       |    25 |     5 ||    30
       Sack of spiders   |       |       |       |     1 ||     1
  Use: Scroll            |     6 |     1 |     6 |    20 ||    33
 Stab: Distracted        |       |       |       |     5 ||     5
       Sleeping          |       |       |       |     1 ||     1
Armor: Leather armour    |    22 |    33 |    95 |   127 ||   277
Dodge: Dodged            |    38 |   150 |   275 |   320 ||   783
Block: Buckler           |       |       |    38 |       ||    38
       Shield            |       |       |   122 |   448 ||   570
